[Event "ETCC Open 2023"]
[Site "Budva"]
[Date "2023.11.13"]
[Round "3.10"]
[White "Stefansson, Hannes"]
[Black "Amar, Elham"]
[Result "1-0"]
[ECO "D24"]
[WhiteElo "2518"]
[BlackElo "2584"]
[Annotator "TA"]
[PlyCount "131"]
[EventDate "2023.11.10"]
[EventType "team-tourn"]
[EventCountry "MNE"]
[SourceTitle "playchess.com"]
[Source "ChessBase"]
[SourceQuality "1"]
[WhiteTeam "Iceland"]
[BlackTeam "Norway"]
[WhiteTeamCountry "ISL"]
[BlackTeamCountry "NOR"]
[TimeControl "40/5400+30:1800+30"]

1. d4 Nf6 2. c4 e6 3. Nf3 d5 4. Nc3 dxc4 5. e4 b5 6. e5 {[%emt 0:00:50] D24: Queen's Gambit Accepted: 3 Nf3 Nf6 4 Nc3.} Nd5 7. Nxb5 Nb6 8. Be3 {[%emt 0:01:15] White is slightly better.} Nc6 9. Nc3 Be7 10. a3 {[%emt 0:02:24] [#]} O-O $146 ({Predecessor:} 10... Bb7 11. Qc2 Qd7 12. Be2 Na5 13. Rd1 f5 14. h4 O-O 15. Rg1 Rad8 16. Ng5 Bxg5 17. Bxg5 {1-0 Gajewski,G (2608)-Kollars,D (2621) POL-chT Ekstraliga 2021 (8.2)}) 11. Qc2 Bb7 12. Ne4 Na5 13. Neg5 g6 14. Ne4 Qd5 (14... Bxe4 $15 15. Qxe4 Qd5) 15. Nc3 $11 Qd7 16. Be2 Nd5 17. Bh6 Rfd8 18. O-O Bc6 19. Nd2 Nb6 20. Rad1 Rab8 21. Be3 Na4 22. Rb1 Nb6 23. Rfd1 Qe8 24. Nde4 Nd5 25. Bh6 Nxc3 26. Nxc3 Rd7 27. Be3 Rbd8 28. Bf3 (28. Na2 $5 ) 28... Bxf3 29. gxf3 Nb3 30. Ne2 c5 31. Qxc4 Nxd4 32. Nxd4 Rd5 {[%emt 0:00:19][%mdl 64] [#] Pin} (32... cxd4 {simplifies} 33. Rxd4 Rxd4 34. Bxd4 a5) 33. Kg2 $1 cxd4 34. Rxd4 Rxe5 35. Rxd8 Qxd8 36. Qd4 Rg5+ {[%emt 0:01:36][%mdl 64] Deflection} 37. Kf1 Rd5 38. Qxa7 Bd6 39. Rc1 Kg7 40. Bd4+ e5 (40... Be5 $1 $15 41. Bxe5+ Rxe5) 41. Be3 Qf6 ({Don't play} 41... Qh4 42. Qa8 Qh3+ 43. Ke2 $16) (41... e4 $1 $11 {keeps the balance.} 42. Bd4+ (42. fxe4 Bc5 $11) 42... Be5 43. Bxe5+ Rxe5) 42. Kg2 (42. Rc3 $1 $16) 42... Qf5 $2 (42... e4 $1 $11 {and Black is okay.} 43. fxe4 Rh5) 43. Qa4 $18 Rd4 44. Qc2 (44. Bxd4 Qg5+ 45. Kh3 Qxc1 $11) 44... Rd3 (44... Qxc2 {was worth a try.} 45. Rxc2 Rd1) 45. Qc4 Be7 46. Qe4 Rb3 47. Qxf5 gxf5 {[%emt 0:00:02][%mdl 4096] Endgame KRB-KRB} 48. Rc2 Bd8 (48... f4 $16 {was called for.}) 49. a4 f4 50. Bd2 {[%emt 0:00:00] Threatens to win with a5.} Bb6 51. a5 Bd4 {[%emt 0:00:27] [#]} 52. Bc3 $1 Kf6 $2 (52... Bxc3 $16 53. Rxc3 Rxb2) 53. a6 (53. Bxd4 $142 {aiming for Rc6+.} exd4 54. a6) 53... Ba7 $2 {[%emt 0:00:02] [#]} (53... Rb5 54. Bxd4 exd4) 54. Ba5 $1 {[%emt 0:02:40] Rc7 is the strong threat. White is clearly winning.} Bd4 55. Rc4 Rb8 56. b4 Ke6 57. Rc7 f5 58. Rb7 Ra8 59. b5 e4 60. Bb6 Rg8+ 61. Kf1 Be5 62. Bc7 Bd4 63. fxe4 f3 64. exf5+ Kxf5 65. a7 {[%emt 0:00:36] Hoping for Rb8.} Re8 66. Rb8 {[%emt 0:02:03] Weighted Error Value: White=0.23 (precise) /Black=0.31} 1-0

[Event "ETCC Open 2023"]
[Site "Budva"]
[Date "2023.11.13"]
[Round "3.11"]
[White "Hauge, Lars Oskar"]
[Black "Stefansson, Vignir Vatnar"]
[Result "1/2-1/2"]
[ECO "C48"]
[WhiteElo "2498"]
[BlackElo "2483"]
[Annotator "RC"]
[PlyCount "88"]
[EventDate "2023.11.10"]
[EventType "team-tourn"]
[EventCountry "MNE"]
[SourceTitle "playchess.com"]
[Source "ChessBase"]
[SourceQuality "1"]
[WhiteTeam "Norway"]
[BlackTeam "Iceland"]
[WhiteTeamCountry "NOR"]
[BlackTeamCountry "ISL"]
[TimeControl "40/5400+30:1800+30"]

1. e4 e5 2. Nf3 Nc6 3. Bb5 Nf6 4. Bxc6 dxc6 5. Nc3 Bc5 6. d3 Qe7 7. Qe2 Bd6 8. h3 Be6 9. Be3 Nd7 10. a3 c5 11. Nb5 a6 12. Nxd6+ cxd6 13. Ng5 d5 14. Nxe6 Qxe6 15. Qg4 Qxg4 16. hxg4 d4 17. Bd2 O-O 18. Ke2 f6 19. a4 b6 20. b3 Rfc8 21. g5 fxg5 22. Bxg5 b5 23. Ra2 c4 24. axb5 axb5 25. Rha1 Rxa2 26. Rxa2 Nc5 27. bxc4 bxc4 28. g3 Rc7 29. Bd2 Kf7 30. f4 exf4 31. gxf4 g6 32. Ra8 h5 33. Bb4 Ne6 34. Bd6 cxd3+ 35. cxd3 Rd7 36. Be5 Rb7 37. f5 gxf5 38. exf5 Ng7 39. Bxg7 Kxg7 40. Kf3 Re7 41. Kf4 Re3 42. Ra7+ Kf6 43. Ra6+ Kf7 44. Ra7+ Kf6 1/2-1/2

[Event "ETCC Open 2023"]
[Site "Budva"]
[Date "2023.11.13"]
[Round "3.12"]
[White "Heimisson, Hilmir Freyr"]
[Black "Kaasen, Tor Fredrik"]
[Result "1-0"]
[ECO "B90"]
[WhiteElo "2377"]
[BlackElo "2471"]
[Annotator "RC"]
[PlyCount "129"]
[EventDate "2023.11.10"]
[EventType "team-tourn"]
[EventCountry "MNE"]
[SourceTitle "playchess.com"]
[Source "ChessBase"]
[SourceQuality "1"]
[WhiteTeam "Iceland"]
[BlackTeam "Norway"]
[WhiteTeamCountry "ISL"]
[BlackTeamCountry "NOR"]
[TimeControl "40/5400+30:1800+30"]

1. e4 c5 2. Nf3 d6 3. d4 cxd4 4. Nxd4 Nf6 5. Nc3 a6 6. Rg1 e5 7. Nb3 Be6 8. g4 d5 9. exd5 Nxd5 10. Nxd5 Qxd5 11. Qxd5 Bxd5 12. Be3 Nc6 13. c3 O-O-O 14. Nd2 h6 15. a4 Be7 16. Bc4 Bg5 17. Ke2 Bxe3 18. fxe3 Na5 19. Bxd5 Rxd5 20. Ra2 Kc7 21. b4 Nc6 22. Ne4 Rdd8 23. h4 f6 24. h5 b6 25. Rd1 Rxd1 26. Kxd1 Ne7 27. a5 Rd8+ 28. Ke2 Nc6 29. axb6+ Kxb6 30. Rd2 Rxd2+ 31. Kxd2 Ne7 32. Ng3 e4 33. Nxe4 f5 34. gxf5 Nxf5 35. c4 Ne7 36. Kc3 Kc6 37. Kd4 Nf5+ 38. Kd3 Ne7 39. Ng3 g6 40. hxg6 Nxg6 41. Kd4 Ne7 42. e4 Kb6 43. Ke5 Nc6+ 44. Kd6 Nxb4 45. c5+ Kb7 46. e5 a5 47. Nf5 a4 48. e6 a3 49. e7 a2 50. e8=Q a1=Q 51. Qb5+ Ka8 52. Qxb4 Qf6+ 53. Kc7 Qf7+ 54. Kc6 Qe8+ 55. Kd5 Qg8+ 56. Ke5 Qh8+ 57. Kf4 Qf6 58. Qe4+ Ka7 59. Qe7+ Qxe7 60. Nxe7 Kb7 61. Ke5 Kc7 62. Kd5 h5 63. Nf5 Kd7 64. c6+ Kc7 65. Kc5 1-0

[Event "ETCC Open 2023"]
[Site "Budva"]
[Date "2023.11.13"]
[Round "3.13"]
[White "Wojtaszek, Radoslaw"]
[Black "Bacrot, Etienne"]
[Result "1-0"]
[ECO "D20"]
[WhiteElo "2668"]
[BlackElo "2668"]
[Annotator "TA"]
[PlyCount "103"]
[EventDate "2023.11.10"]
[EventType "team-tourn"]
[EventCountry "MNE"]
[SourceTitle "playchess.com"]
[Source "ChessBase"]
[SourceQuality "1"]
[WhiteTeam "Poland"]
[BlackTeam "France"]
[WhiteTeamCountry "POL"]
[BlackTeamCountry "FRA"]
[TimeControl "40/5400+30:1800+30"]

1. d4 d5 2. c4 dxc4 3. e4 Nf6 4. e5 Nd5 5. Bxc4 Bf5 6. Nf3 {[%emt 0:01:12] D20: Queen's Gambit Accepted: 3 e3 and 3 e4.} e6 7. Nc3 Nxc3 8. bxc3 {[%emt 0:00:06] White is slightly better.} Be7 9. O-O {[%emt 0:06:33] [#]} c5 $146 ({Predecessor:} 9... O-O 10. Qe2 c5 11. Rd1 Nc6 12. dxc5 Qc7 13. Nd4 Bg6 14. Bf4 Bxc5 15. h4 Na5 {1-0 Budrewicz,K (2227)-Kokoszczynski,J (2231) POL-chT 1st League 2020 (5.2)}) 10. Qb3 O-O 11. Qxb7 Nd7 12. Qa6 Nb6 13. Bd3 Bxd3 14. Qxd3 cxd4 15. cxd4 Nd5 16. Ba3 Rc8 17. Bxe7 Qxe7 18. Rfc1 h6 19. h4 Rc7 20. Rc4 Rxc4 21. Qxc4 Rb8 22. Rc1 Qa3 23. Rc2 a5 24. Kh2 Qb4 25. Qa6 Kh7 (25... Qb1 $11 {keeps the balance.} 26. Qd3 g6) 26. Qd3+ $16 Kg8 27. a3 Qb7 28. Nd2 a4 29. g3 g6 30. Rc4 Qb5 {[%emt 0:01:09] [#]} (30... Qb2 $1 $14) 31. Rc8+ $3 {[%emt 0:06:08][%mdl 576] Deflection} Kg7 32. Qxb5 Rxb5 {[%emt 0:01:56][%mdl 4096] Endgame KRN-KRN} 33. Rc2 {[%emt 0:00:05] Against Rb2} Ne7 34. Kg1 Nf5 35. Rc4 Rb2 36. Ne4 Rb1+ (36... Rb3 $16 {was called for.}) 37. Kg2 $18 Rd1 38. Rxa4 Nxd4 39. Ra8 Re1 {[%emt 0:01:11] [#]} 40. Nd6 {[%emt 0:03:46] Threatening mate with Ne8+.} g5 $2 (40... f5 {is more resistant.} 41. exf6+ Kxf6) 41. h5 (41. Ne8+ $142 Kg6 42. h5+ Kf5 43. Nd6+ Kg4 44. Ra4 (44. Nxf7 Kxh5 45. Rd8 Re4 $16)) 41... f5 {[%emt 0:02:46] [#]} (41... Rxe5 $142 42. Ra7 g4 43. Rxf7+ Kg8) 42. exf6+ $1 Kxf6 43. Ra7 e5 (43... Rc1 {is a better defense.} 44. Ne8+ (44. Rh7 g4 $18) 44... Ke5 45. Ra5+ Ke4 46. Nf6+ Kd3) 44. Rh7 {[%emt 0:00:00] White is clearly winning.} g4 45. Rxh6+ Ke7 {[%emt 0:02:36] ( -> ...Nf3)} 46. Rg6 {[%emt 0:00:00][%cal Oh5h6] Threatens to win with h6!} e4 47. Nc8+ ({Worse is} 47. h6 Nf3 48. Nf5+ Kf7 49. Rxg4 Rg1+ 50. Kh3 Rh1+ 51. Kg2 Rg1+ 52. Kh3 Rh1+ 53. Kg2 Rg1+ $11) 47... Kf8 48. Rxg4 Nf3 49. Rf4+ Kg7 50. Nd6 Rg1+ 51. Kh3 Rh1+ 52. Kg4 {[%emt 0:00:00] Weighted Error Value: White=0.13 (very precise) /Black=0.22 (precise)} 1-0

[Event "ETCC Open 2023"]
[Site "Budva"]
[Date "2023.11.13"]
[Round "3.14"]
[White "Moussard, Jules"]
[Black "Bartel, Mateusz"]
[Result "1/2-1/2"]
[ECO "C84"]
[WhiteElo "2639"]
[BlackElo "2651"]
[Annotator "TA"]
[PlyCount "60"]
[EventDate "2023.11.10"]
[EventType "team-tourn"]
[EventCountry "MNE"]
[SourceTitle "playchess.com"]
[Source "ChessBase"]
[SourceQuality "1"]
[WhiteTeam "France"]
[BlackTeam "Poland"]
[WhiteTeamCountry "FRA"]
[BlackTeamCountry "POL"]
[TimeControl "40/5400+30:1800+30"]

1. e4 e5 2. Nf3 Nc6 3. Bb5 a6 4. Ba4 Nf6 5. O-O Nxe4 6. d4 Be7 7. Re1 b5 8. Rxe4 {[%emt 0:01:30] C84: Closed Ruy Lopez: Unusual White 6th moves.} d5 9. Nxe5 Nxe5 10. Rxe5 {[%emt 0:00:12] And now Bb3 would win. White is slightly better.} bxa4 11. Nc3 O-O 12. Rxd5 Bd6 $1 13. Bf4 ({Reject} 13. Nxa4 Bxh2+ 14. Kxh2 Qxd5 $15) (13. Bg5 $5 Qe8 14. Bd2 $14) 13... Be6 $1 {[%emt 0:01:04] [#]} 14. Rxd6 $1 cxd6 15. Nxa4 {[%emt 0:01:39] [#]} Bd7 $146 ({Predecessor:} 15... Re8 16. Qd2 Rc8 17. b3 Bd7 18. Nb2 Qf6 19. c3 Re4 20. Nd3 Rce8 21. Be3 h5 {1-0 Suleymenov,A (2463)-Tin,J (2570) Asian Continental op 20th 2023 (4)}) 16. Nc3 Re8 17. Qd3 Qb6 (17... Qe7 $5 ) 18. b3 Bf5 {[%emt 0:10:17][%mdl 64] [#] Deflection} 19. Qxf5 ({White should try} 19. Qd2 $1 $14) 19... Qxd4 $11 20. Qd3 Qxf4 21. Nd5 Qe5 22. Rd1 {[%emt 0:00:41] Threatens to win with Nc7.} Rac8 {[%emt 0:03:06][%cal Oc8c2] Inhibits Nc7.} 23. Ne3 Rc3 {[%emt 0:14:48] The position is equal.} 24. Qxa6 f5 {[%emt 0:09:41] Hoping for ...f4.} 25. g3 (25. Qxd6 $2 {too greedy.} Qxd6 26. Rxd6 f4 $19) (25. Rxd6 Rxe3 26. g3 Re1+ 27. Kg2 Qe4+ 28. Kh3 Re2 29. Qc4+ Qxc4 30. bxc4 Rxf2 $19) 25... Rxe3 26. fxe3 Qxe3+ 27. Kg2 Qe4+ 28. Kg1 Qe3+ 29. Kg2 Qe4+ 30. Kg1 {[%emt 0:00:05] Qd3 would be deadly.} Qe3+ {[%emt 0:00:42] Weighted Error Value: White=0.08 (flawless) /Black=0.04 (flawless)} 1/2-1/2

[Event "ETCC Open 2023"]
[Site "Budva"]
[Date "2023.11.13"]
[Round "3.15"]
[White "Socko, Bartosz"]
[Black "Fressinet, Laurent"]
[Result "1-0"]
[ECO "C45"]
[WhiteElo "2545"]
[BlackElo "2640"]
[Annotator "TA"]
[PlyCount "81"]
[EventDate "2023.11.10"]
[EventType "team-tourn"]
[EventCountry "MNE"]
[SourceTitle "playchess.com"]
[Source "ChessBase"]
[SourceQuality "1"]
[WhiteTeam "Poland"]
[BlackTeam "France"]
[WhiteTeamCountry "POL"]
[BlackTeamCountry "FRA"]
[TimeControl "40/5400+30:1800+30"]

1. e4 e5 2. Nf3 Nc6 3. d4 exd4 4. Nxd4 Nf6 5. Nxc6 bxc6 6. Bd3 d5 7. exd5 cxd5 8. O-O Be7 9. c4 O-O {[%emt 0:03:04] 9...0-0 scores better than 9...d4.} 10. Nc3 {[%emt 0:00:17] C45: Scotch Game.} d4 11. Ne4 Bb7 12. Nxf6+ {[%emt 0:02:16] The position is equal.} Bxf6 13. b4 Qd7 14. Bf4 Rfe8 {[%emt 0:03:19] [#]} 15. Qd2 $5 $146 {[%emt 0:10:01][%mdl 8] An interesting novelty.} (15. Qh5 Be4 16. Rad1 Rac8 $15) ({Predecessor:} 15. Qc2 g6 16. Rae1 a6 17. a4 Qc6 18. f3 Qd7 19. b5 c5 20. Qd2 axb5 21. axb5 {½-½ Perez Ponsa,F (2527)-Pichot,A (2633) Aimchess Rapid Div 3 W 2023 (1.1)}) 15... c5 16. b5 Be5 17. Rfe1 Bc7 18. a4 a5 (18... Rad8 $14) 19. Bxc7 $16 Qxc7 20. Re2 h6 21. Rae1 Kf8 22. h3 Rad8 23. Bc2 $40 {[%emt 0:06:02][%cal Bd3c2,Bc2e4,Be4d5][%mdl 160] White attacks with force.} Bc8 24. Be4 Bd7 25. Qd3 Qd6 26. Bd5 {[%emt 0:02:54] [#] Qh7 is the strong threat.} Qg6 {[%emt 0:02:21] Inhibits Qh7. This move loses the game for Black.} (26... Rxe2 $16 27. Rxe2 (27. Qxe2 Be6 $14) 27... Re8) 27. Qd2 $18 Rxe2 28. Rxe2 (28. Qxe2 Re8 29. Qd2 Rxe1+ 30. Qxe1 Qb6 $16) 28... Qb6 29. Qf4 {[%emt 0:00:41][%csl Gd5][%cal Rf4f7] Prevents Bf5.} Qf6 30. Qc7 d3 31. Rd2 ({Not} 31. Qxc5+ Kg8 32. Rd2 Re8 $18) 31... Bf5 32. b6 ({Less strong is} 32. Qxa5 Re8 33. Rd1 Qd6 $18) ({Weaker is} 32. Qxc5+ Qe7 33. Qb6 Rc8 34. Qxa5 Be4 $18) 32... Rc8 {[%emt 0:00:18] Against b7} 33. Qf4 (33. Qa7 $142 Be6 34. b7 Qa1+ 35. Kh2 Qe5+ 36. g3) 33... Qg5 34. Qxg5 hxg5 {[%emt 0:00:01][%mdl 4096] Endgame KRB-KRB} 35. g4 Bg6 36. Kf1 Ke7 37. Rb2 Kd6 $2 {[%emt 0:00:30] [#]} (37... f6 38. b7 Rb8) 38. b7 Rb8 39. Rb6+ Kd7 $2 (39... Ke5 40. Ra6 Be4) 40. Ke1 Re8+ 41. Kd1 {[%emt 0:30:37] Weighted Error Value: White=0.24 (precise) /Black=0.51} 1-0

[Event "ETCC Open 2023"]
[Site "Budva"]
[Date "2023.11.13"]
[Round "3.16"]
[White "Lagarde, Maxime"]
[Black "Gumularz, Szymon"]
[Result "1-0"]
[ECO "B15"]
[WhiteElo "2629"]
[BlackElo "2580"]
[Annotator "TA"]
[PlyCount "61"]
[EventDate "2023.11.10"]
[EventType "team-tourn"]
[EventCountry "MNE"]
[SourceTitle "playchess.com"]
[Source "ChessBase"]
[SourceQuality "1"]
[WhiteTeam "France"]
[BlackTeam "Poland"]
[WhiteTeamCountry "FRA"]
[BlackTeamCountry "POL"]
[TimeControl "40/5400+30:1800+30"]

1. e4 c6 2. d4 d5 3. Nd2 dxe4 4. Nxe4 Nf6 5. Nxf6+ exf6 6. Be3 Bd6 {[%emt 0:03:34] B15: Caro-Kann: 3 Nc3: 3...g6 and 3...dxe4 4 Nxe4 Nf6 5 Nxf6+ exf6.} 7. Bd3 Na6 8. a3 {[%emt 0:00:28] Prevents Nb4.} Nc7 {[%emt 0:01:10] The position is equal.} 9. Ne2 O-O 10. c4 Bg4 {[%emt 0:11:36] [#]} 11. Qc2 $146 ({Predecessor:} 11. O-O Ne6 12. f3 Bh5 13. Qc2 Bg6 14. f4 Bxd3 15. Qxd3 Re8 16. Rf3 Bc7 17. Rd1 {0-1 Hardaway,B (1907)-Lee,A (1967) Charlotte CCCSA op 2021 (5)}) 11... Bxe2 12. Bxe2 ({Much worse is} 12. Bxh7+ Kh8 13. c5 (13. Kxe2 g6 $15) 13... Nd5 14. cxd6 (14. Kxe2 Bf4 $11) 14... Bb5 $15) 12... g6 13. O-O f5 14. Rad1 Re8 15. Bf3 Qd7 16. b4 a6 17. Qb3 Bf8 18. a4 Rac8 19. g3 h5 20. h4 Rcd8 21. d5 cxd5 22. Bxd5 Nxd5 23. Rxd5 Qe6 {[%emt 0:01:11] Black is weak on the dark squares} (23... Qc6 $14) 24. Rfd1 $16 Rxd5 25. cxd5 Qe4 {[%emt 0:07:14][%mdl 8192] Black cannot hold the game after this.} (25... Qd7 $16 {is more resistant.}) 26. d6 $18 {[%emt 0:08:08] [#] Hoping for d7.} Qf3 {[%emt 0:00:15][%cal Oe8e3] aiming for ...Rxe3!} 27. Rd4 Bh6 (27... Rd8 $142 28. d7 Be7) 28. d7 Rd8 29. Rd3 Bxe3 30. Rxe3 {[%emt 0:00:06] [#] Intending Re8+ and mate.} Qc6 31. Re7 {[%emt 0:00:20] Weighted Error Value: White=0.08 (flawless) /Black=0.68} 1-0

[Event "ETCC Open 2023"]
[Site "Budva"]
[Date "2023.11.13"]
[Round "3.17"]
[White "Rodshtein, Maxim"]
[Black "Van Foreest, Jorden"]
[Result "1/2-1/2"]
[ECO "D30"]
[WhiteElo "2582"]
[BlackElo "2700"]
[Annotator "TA"]
[PlyCount "88"]
[EventDate "2023.11.10"]
[EventType "team-tourn"]
[EventCountry "MNE"]
[SourceTitle "playchess.com"]
[Source "ChessBase"]
[SourceQuality "1"]
[WhiteTeam "Israel"]
[BlackTeam "Netherlands"]
[WhiteTeamCountry "ISR"]
[BlackTeamCountry "NED"]
[TimeControl "40/5400+30:1800+30"]

1. d4 d5 2. c4 e6 3. Nf3 c5 4. cxd5 exd5 5. g3 Nc6 6. Bg2 Nf6 7. O-O h6 8. b3 {[%emt 0:09:17] D30: Queen's Gambit Declined: Systems without Nc3.} cxd4 9. Bb2 Be7 10. Nxd4 {[%emt 0:00:58] White is slightly better.} O-O 11. Nc3 Re8 12. Rc1 Bg4 13. h3 Bh5 {[%emt 0:00:11] [#]} 14. Qd3 $146 ({Predecessor:} 14. Nf5 Bf8 15. g4 Bg6 16. Nh4 Bh7 17. e3 a6 18. Nf3 Rc8 19. g5 hxg5 20. Nxg5 {½-½ Koustav,C (2431)-Manolache,M (2541) Titled Tuesday intern op 14th April blitz 2020 (3)}) 14... Qd7 15. Nxc6 bxc6 16. e3 Rac8 17. Na4 Bg6 18. Qd4 Bd6 19. Nc5 Qf5 {[%emt 0:06:26] [#]} (19... Qc7 $14) 20. g4 $1 $16 Qe5 21. Qxe5 Bxe5 22. Bxe5 Rxe5 23. Rc3 Rce8 24. Rfc1 h5 25. gxh5 Rxh5 26. Nd3 Rg5 27. Nf4 Be4 28. Rxc6 Nh5 ({Black should try} 28... d4) 29. Rc8 Rxc8 30. Rxc8+ Kh7 {[%emt 0:00:05] [#] ...Nxf4 is the strong threat.} 31. Kh2 (31. Nxh5 $16 Rxg2+ 32. Kf1) 31... Nxf4 $14 32. Bxe4+ dxe4 33. exf4 {[%emt 0:00:06][%mdl 4096] Endgame KR-KR} Rd5 34. Rc7 Rd2 35. Kg3 ({Of course not} 35. Rxf7 Rxf2+ 36. Kg3 Rxa2 $11) (35. Rxa7 $16 {And now Kg3 would win.} Rxf2+ 36. Kg3) 35... Rxa2 $11 {[%emt 0:00:08] The position is equal.} 36. Rxf7 a5 37. Rb7 a4 38. bxa4 Rxa4 39. Rb3 g6 40. Rb7+ Kg8 41. Rb2 Kg7 42. Kg4 Kf6 43. h4 Ra1 44. Rb6+ Kg7 {[%emt 0:00:56] Weighted Error Value: White=0.14 (very precise) /Black=0.11 (very precise)} 1/2-1/2

[Event "ETCC Open 2023"]
[Site "Budva"]
[Date "2023.11.13"]
[Round "3.18"]
[White "Warmerdam, Max"]
[Black "Kobo, Ori"]
[Result "1-0"]
[ECO "A13"]
[WhiteElo "2638"]
[BlackElo "2556"]
[Annotator "TA"]
[PlyCount "123"]
[EventDate "2023.11.10"]
[EventType "team-tourn"]
[EventCountry "MNE"]
[SourceTitle "playchess.com"]
[Source "ChessBase"]
[SourceQuality "1"]
[WhiteTeam "Netherlands"]
[BlackTeam "Israel"]
[WhiteTeamCountry "NED"]
[BlackTeamCountry "ISR"]
[TimeControl "40/5400+30:1800+30"]

1. Nf3 Nf6 2. c4 e6 3. g3 d5 4. Bg2 d4 5. O-O Nc6 6. d3 Bc5 {[%emt 0:00:19] A13: English Opening: 1...e6.} 7. Nbd2 $1 {[%emt 0:00:05][%cal Bb1d2,Bd2b3,Bb3c5][%mdl 32] The main line 7.Nbd2 scores better than 7.Na3.} Be7 8. Nb3 O-O {[%emt 0:00:23] The position is equal.} 9. e3 dxe3 10. Bxe3 Ng4 11. Bc5 Bxc5 (11... a5 {simplifies} 12. Bxe7 Qxe7 13. Nbd4 Nxd4 14. Nxd4 Nh6) 12. Nxc5 b6 13. Nh4 Nge5 {[%emt 0:00:08] [#]} 14. d4 Nxd4 (14... Qxd4 15. Qxd4) 15. Nb3 Nxb3 16. axb3 Rb8 $1 {[%emt 0:00:41] [#]} 17. Qe2 $146 ({Predecessor:} 17. Rxa7 Bd7 18. Re1 Nc6 19. Ra1 Ne7 20. Nf3 Bc6 21. Ne5 Bxg2 22. Kxg2 Qxd1 23. Rexd1 Rfd8 24. Rxd8+ Rxd8 25. Ra7 Rc8 26. b4 f6 {½-½ Suleymanli,A (2560)-Nguyen,T (2645) Sharjah Masters 6th 2023 (6)}) 17... f6 18. Rxa7 Qe7 19. Be4 Rd8 20. Nf3 {[%emt 0:15:54] aiming for Nxe5.} Nf7 21. Rfa1 Qd7 22. Bc2 Nd6 23. Nd4 e5 24. Nb5 Nxb5 25. cxb5 Qg4 (25... Bb7 $11) 26. Qxg4 (26. Qc4+ $16 Qxc4 27. bxc4) 26... Bxg4 $11 27. Rxc7 {[%emt 0:00:22] Threatens to win with Raa7.} Rbc8 28. Rxc8 Rxc8 {[%emt 0:00:08][%mdl 4096] Endgame KRB-KRB} 29. Be4 Rd8 30. f3 Bh3 31. Kf2 (31. Ra6 $16) 31... f5 (31... Be6 $1 $14) 32. Bc6 $1 $16 Rd2+ (32... Kf7 $16 {was necessary.}) 33. Ke3 $18 Rxb2 34. Bd5+ Kf8 {[%emt 0:00:01] [#]} 35. Ra6 $1 Rc2 36. Kd3 (36. Rxb6 $142 Bf1 37. Rb8+ Ke7 38. b6) 36... Rxh2 $2 (36... Rc8) 37. Rxb6 Bf1+ $2 (37... e4+ 38. fxe4 fxe4+ 39. Kxe4 (39. Bxe4 Rb2 $18) 39... Ke7) 38. Kc3 Ke7 39. Re6+ Kd7 40. b6 {[%emt 0:00:05][%cal Ob6b7] b7! would kill now.} (40. Rxe5 Bxb5 41. Bg8 (41. Rxf5 Kd6 $16) 41... Bc6 $16) 40... Ba6 41. Rxe5 Kd6 (41... Rh6 $142 42. Rxf5 Rxb6 43. Rf7+ Kd6) 42. f4 (42. Rxf5 g6 43. Rf7 (43. Rg5 h6 $11) 43... Kxd5 $11) 42... Rh3 43. b7 Rxg3+ 44. Kc2 Bxb7 (44... Kc7 {leads to mate.} 45. Re7+ (45. Rxf5 $2 {too greedy.} Bd3+ 46. Kd1 Bxf5 $19) 45... Kd6 46. b8=Q+ (46. b8=B+ $2 {is the wrong capture.} Kxe7 47. Ba7 h5 $19) 46... Kxe7 47. Qc7+ Ke8 48. Bc6+ Kf8 49. Qd8+ Kf7 50. Be8+ Ke6 51. Qd7+ Kf6 52. Qf7#) 45. Bxb7 {[%emt 0:00:00] KRB-KR} g6 46. Re2 Kc5 $2 (46... Rh3 47. b4 Kd7) 47. Rh2 Rg4 48. Rxh7 Rxf4 49. Kc3 {[%emt 0:01:26] And now Rc7+ would win.} Rg4 50. Rc7+ Kb6 51. Rf7 {[%emt 0:00:23] Black must now prevent Bd5.} Kc5 {[%emt 0:01:42] Inhibits Bd5.} 52. Bc8 {[%emt 0:02:22] Ba6 would be deadly.} Rg3+ 53. Kb2 Kb4 54. Rb7+ Kc5 55. Rf7 $2 (55. Rc7+ Kd6 56. Rf7) 55... Kb4 $1 {[%emt 0:00:16] [#]} 56. Rb7+ $2 (56. Be6 $1) 56... Kc5 57. Rc7+ Kb6 58. Rf7 Kc5 59. Ka3 Kb5 $2 (59... Kd6 60. Kb2 Rg2+ 61. Kc3 Rg3+ 62. Kc4 Rg1) 60. Rf6 {[%emt 0:00:43] White is clearly winning.} Rg4 61. Bd7+ Ka5 62. Be8 {[%emt 0:00:07] Weighted Error Value: White=0.23 (precise) /Black=0.28 (precise)} 1-0